Map: Беккетт Индастриз РВ

Players

mik

  • Race: Zerg Zerg
  • League: Diamond

Kantara - Winner!

  • Race: Protoss Protoss
  • League: Diamond

VOD

Have the link to the VOD?

Description

Time

  • Played on: July 1, 2021, 3:30 p.m.
  • Length: 21:00
Show
View Real Time Build Order
Export as new Build Order

mik Zerg 

Build Orders: Hatch First 

Get SALT Encoding   

  12  0:00  Drone  
  13  0:08  Drone  
  14  0:16  Overlord  
  14  0:34  Drone  
  15  0:44  Hatchery  
  15  0:48  Drone  
  15  0:51  Drone  
  15  0:56  Drone  
  17  0:59  Drone  
  18  1:11  Drone  
  18  1:17  Spawning Pool  
  18  1:21  Drone  
  19  1:40  Drone  
  20  1:47  Drone  
  21  1:56  Drone  
  21  1:58  Drone  
  23  2:04  Overlord, Queen  
  23  2:05  Queen  
  27  2:22  Drone x2  
  29  2:24  Hatchery  
  29  2:26  Drone  
  29  2:28  Drone  
  31  2:30  Drone  
  31  2:36  Overlord  
  31  2:40  Drone  
  32  2:46  Drone  
  32  2:50  Drone  
  34  2:55  Extractor  
  34  2:57  Drone  
  34  2:59  Extractor  
  34  3:01  Overlord  
  33  3:08  Drone  
  34  3:14  Drone x4  
  34  3:15  Drone x3  
  41  3:22  Drone  
  41  3:25  Drone  
  43  3:32  Drone  
  44  3:36  Drone x2  
  44  3:41  Spore Crawler  
  45  3:43  Overlord  
  45  3:46  Spore Crawler  
  45  3:48  Drone  
  45  3:54  Drone x5, Queen  
  52  3:56  Metabolic Boost  
  52  3:59  Drone x4  
  56  4:06  Spore Crawler  
  55  4:16  Spore Crawler  
  54  4:20  Drone x2  
  54  4:21  Drone x2  
  54  4:23  Lair  
  58  4:26  Overlord x2  
  58  4:27  Overlord  
  58  4:28  Spore Crawler  
  58  4:30  Overlord  
  57  4:39  Extractor, Queen  
  57  4:40  Extractor  
  57  4:44  Extractor, Drone, Queen  
  57  4:45  Extractor, Drone x3  
  60  4:50  Drone x2  
  63  4:53  Drone x3  
  63  4:54  Drone x3  
  69  5:09  Drone x4  
  73  5:19  Overlord  
  73  5:39  Spire  
  73  5:41  Drone x3  
  75  5:59  Overlord x6  
  75  6:00  Overlord  
  75  6:08  Overlord x2  
  75  6:10  Overseer  
  75  6:12  Hatchery  
  74  6:21  Hatchery  
  66  6:43  Drone x4  
  70  6:48  Pneumatized Carapace  
  70  6:58  Mutalisk  
  70  6:59  Mutalisk x15  
  99  7:06  Extractor, Mutalisk  
  96  7:09  Extractor  
  96  7:14  Drone x5  
  96  7:15  Queen x2  
  102  7:36  Mutalisk x4  
  106  7:40  Drone x7  
  117  7:44  Drone x2  
  117  7:47  Extractor  
  117  7:48  Extractor  
  101  8:23  Mutalisk x7, Overlord  
  115  8:27  Overlord, Zergling x2  
  115  8:28  Zergling x14  
  115  8:29  Zergling x10  
  128  8:40  Spore Crawler, Drone x3  
  130  8:42  Drone x3  
  130  8:44  Queen x2  
  137  8:48  Drone  
  137  8:50  Drone x3  
  141  9:08  Zerg Flyer Weapons Level 1  
  141  9:09  Evolution Chamber x2  
  139  9:10  Zergling x2  
  139  9:11  Zergling x24  
  139  9:15  Drone x2  
  139  9:16  Drone  
  155  9:17  Drone  
  156  9:25  Corruptor x4  
  164  9:32  Hydralisk Den  
  164  9:34  Infestation Pit  
  162  9:45  Overseer  
  162  9:50  Drone x3  
  165  10:06  Overlord x4  
  165  10:07  Corruptor, Overlord  
  165  10:08  Corruptor x7  
  128  10:47  Corruptor x6  
  128  10:48  Corruptor x7  
  128  10:49  Corruptor x3  
  150  11:02  Zerg Flyer Armor Level 1, Lurker Den  
  150  11:03  Zerg Missile Weapons Level 1, Zerg Ground Armor Level 1  
  149  11:15  Corruptor x3  
  155  11:25  Hatchery  
  154  11:43  Drone x3  
  154  11:44  Drone  
  154  12:08  Infestor  
  154  12:09  Infestor x8  
  154  12:10  Infestor  
  154  12:14  Hive, Pathogen Glands  
  174  12:17  Zergling x22  
  174  12:18  Zergling x22  
  196  12:35  Spore Crawler  
  195  12:53  Drone x2  
  197  13:05  Burrow  
  197  13:11  Neural Parasite  
  197  13:17  Corruptor  
  199  13:22  Extractor x2  
  197  13:29  Drone x3  
  119  14:02  Hydralisk x12  
  107  14:03  Hydralisk x31  
  107  14:09  Zerg Missile Weapons Level 2  
  187  14:11  Zerg Ground Armor Level 2  
  187  14:15  Drone  
  187  14:16  Drone  
  189  14:22  Overseer x3  
  189  14:43  Infestor x3  
  189  14:44  Infestor x2  
  199  14:56  Zerg Flyer Weapons Level 2  
  199  14:59  Seismic Spines  
  199  15:03  Hatchery  
  198  15:18  Drone x2  
  200  15:56  Adaptive Talons  
  127  16:24  Infestor x5  
  108  16:38  Hydralisk x9  
  108  16:39  Hydralisk x26  
  158  16:40  Hydralisk x8  
  194  16:48  Zerg Missile Weapons Level 3  
  194  16:49  Zerg Ground Armor Level 3  
  194  17:05  Extractor  
  194  17:06  Extractor  
  194  17:08  Drone x2  
  166  17:53  Corruptor  
  166  17:54  Corruptor x13  
  194  17:58  Zerg Flyer Weapons Level 3  
  194  18:09  Overlord x3  
  194  18:12  Overseer x4  
  194  18:13  Overseer  
  194  18:22  Spore Crawler  
  194  18:25  Spore Crawler x2  
  191  18:29  Drone  
  191  18:30  Drone x2  
  190  18:47  Viper x2  
  190  18:48  Viper  
  197  19:00  Spore Crawler  
  197  19:02  Spine Crawler  
  184  19:04  Spore Crawler  
  184  19:05  Spine Crawler  
  181  19:11  Spine Crawler  
  181  19:13  Spine Crawler  
  181  19:15  Spine Crawler  
  116  20:02  Corruptor x9  
  116  20:03  Corruptor x17  
  144  20:12  Corruptor  
  144  20:13  Zergling x2  
  119  20:15  Corruptor  
Show
View Real Time Build Order
Export as new Build Order

Kantara Protoss - Winner!

Build Orders: 1 Gate Expand, Carriers 

Get SALT Encoding   

  12  0:00  Probe  
  13  0:12  Probe  
  14  0:20  Pylon  
  14  0:25  Probe (Chrono Boost)  
  15  0:40  Probe (Chrono Boost)  
  16  0:42  Gateway  
  16  0:45  Probe (Chrono Boost)  
  16  0:48  Assimilator  
  17  0:55  Probe  
  18  1:07  Probe  
  19  1:19  Probe  
  20  1:26  Nexus  
  20  1:39  Cybernetics Core  
  19  1:42  Probe (Chrono Boost)  
  19  1:44  Assimilator  
  21  1:54  Pylon, Probe (Chrono Boost)  
  21  2:02  Probe (Chrono Boost)  
  22  2:15  Stalker  
  24  2:19  Probe (Chrono Boost)  
  25  2:28  Probe (Chrono Boost)  
  26  2:32  Stargate  
  26  2:35  Probe (Chrono Boost)  
  27  2:39  Shield Battery  
  27  2:41  Probe (Chrono Boost)  
  28  2:50  Probe (Chrono Boost)  
  29  2:53  Probe (Chrono Boost)  
  29  2:56  Sentry  
  29  2:57  Probe  
  33  2:58  Assimilator  
  33  3:00  Assimilator  
  33  3:02  Probe  
  34  3:09  Probe  
  34  3:10  Forge  
  35  3:14  Probe  
  35  3:16  Void Ray (Chrono Boost)  
  40  3:29  Probe x2  
  42  3:38  Pylon  
  42  3:41  Probe x2  
  44  3:53  Probe  
  44  3:54  Probe  
  46  4:05  Probe  
  46  4:06  Probe  
  46  4:07  Stargate  
  48  4:11  Fleet Beacon  
  48  4:18  Probe x2  
  50  4:30  Probe x2  
  52  4:36  Pylon x2  
  52  4:44  Probe  
  53  4:47  Protoss Air Weapons Level 1  
  53  5:05  Tempest x2  
  63  5:32  Nexus  
  63  5:34  Pylon  
  59  5:36  Photon Cannon  
  59  5:37  Photon Cannon  
  59  5:38  Probe x2, Pylon  
  59  5:40  Protoss Ground Weapons Level 1 (Chrono Boost)  
  61  5:47  Tempest  
  66  5:50  Probe x2  
  66  5:51  Tempest  
  73  5:59  Photon Cannon  
  73  6:02  Probe x2 (Chrono Boost)  
  75  6:06  Pylon  
  76  6:11  Probe (Chrono Boost)  
  76  6:13  Pylon  
  76  6:31  Probe (Chrono Boost)  
  78  6:34  Probe (Chrono Boost)  
  78  6:36  Photon Cannon  
  78  6:41  Mothership (Chrono Boost)  
  87  6:47  Probe (Chrono Boost)  
  87  6:50  Probe (Chrono Boost)  
  87  6:52  Assimilator  
  88  6:55  Assimilator, Probe  
  88  6:58  Shield Battery  
  88  7:01  Probe  
  90  7:07  Probe  
  91  7:14  Twilight Council  
  99  7:17  Gateway  
  99  7:19  Gateway  
  99  7:23  Probe x2  
  93  7:30  Phoenix x2  
  93  7:31  Unknown  
  93  7:35  Probe x2  
  93  7:36  Photon Cannon  
  89  7:39  Photon Cannon  
  89  7:42  Photon Cannon x2, Shield Battery  
  89  7:56  Protoss Air Weapons Level 2 (Chrono Boost)  
  88  8:03  Phoenix x2 (Chrono Boost)  
  82  8:10  Anion Pulse-Crystals  
  78  8:26  Phoenix x2 (Chrono Boost)  
  79  8:40  Assimilator  
  79  8:42  Photon Cannon  
  79  8:44  Charge  
  79  8:46  Photon Cannon  
  79  8:47  Photon Cannon  
  79  8:50  Templar Archives  
  79  8:52  Protoss Ground Weapons Level 2  
  79  8:55  Tempest x2  
  89  8:59  Stargate  
  89  9:00  Pylon, Stargate  
  89  9:03  Pylon  
  89  9:20  Nexus  
  89  9:21  Psionic Storm  
  89  9:23  Photon Cannon  
  89  9:43  Photon Cannon  
  89  9:46  Cybernetics Core  
  89  9:50  Probe  
  89  9:51  Probe  
  97  10:02  Phoenix (Chrono Boost)  
  97  10:03  Phoenix x3 (Chrono Boost)  
  99  10:15  Photon Cannon  
  99  10:16  Photon Cannon x2  
  99  10:19  Pylon  
  99  10:20  Photon Cannon  
  99  10:24  Phoenix x2 (Chrono Boost)  
  99  10:25  Phoenix x2 (Chrono Boost)  
  97  10:39  Mothership (Chrono Boost)  
  97  10:42  Phoenix  
  101  11:06  Sentry  
  101  11:07  Photon Cannon  
  101  11:10  Protoss Air Weapons Level 3 (Chrono Boost), Photon Cannon  
  109  11:19  Shield Battery  
  109  11:20  Photon Cannon  
  109  11:23  Shield Battery  
  109  11:25  Carrier (Chrono Boost)  
  109  11:32  Pylon  
  109  11:33  Pylon  
  115  11:40  Carrier (Chrono Boost)  
  115  11:49  Void Ray (Chrono Boost)  
  115  11:54  Nexus  
  115  11:55  Pylon  
  115  11:59  Pylon  
  125  12:02  Carrier (Chrono Boost)  
  125  12:14  Cybernetics Core  
  125  12:24  Void Ray x2 (Chrono Boost)  
  133  12:31  Void Ray (Chrono Boost)  
  133  12:36  Probe (Chrono Boost)  
  136  12:41  Probe (Chrono Boost)  
  136  12:42  Probe (Chrono Boost), Photon Cannon  
  136  12:43  Photon Cannon  
  140  12:46  Probe (Chrono Boost), Photon Cannon  
  140  12:47  Photon Cannon  
  140  12:49  Photon Cannon  
  140  12:50  Probe x2 (Chrono Boost), Photon Cannon, Void Ray (Chrono Boost)  
  143  12:53  Shield Battery x2  
  155  13:06  Void Ray x2 (Chrono Boost)  
  155  13:07  Warp Gate (Chrono Boost)  
  155  13:08  Void Ray (Chrono Boost)  
  155  13:10  Assimilator  
  155  13:16  Assimilator  
  159  13:24  Gateway  
  159  13:26  Gateway  
  159  13:35  Shield Battery  
  145  14:00  Mothership (Chrono Boost)  
  149  14:11  Photon Cannon  
  149  14:12  Photon Cannon  
  149  14:13  Carrier (Chrono Boost), Photon Cannon  
  149  14:14  Photon Cannon  
  149  14:15  Photon Cannon x2  
  155  14:17  Shield Battery  
  155  14:21  Shield Battery  
  155  14:29  Protoss Air Armor Level 1 (Chrono Boost)  
  161  14:34  Carrier (Chrono Boost)  
  161  14:41  High Templar x4  
  161  14:42  High Templar  
  173  14:55  Probe x2 (Chrono Boost), Dark Shrine  
  173  14:58  Carrier (Chrono Boost)  
  179  15:08  Gateway  
  179  15:09  Gateway  
  179  15:17  High Templar x2  
  179  15:18  High Templar  
  185  15:28  Nexus  
  185  15:37  Protoss Ground Weapons Level 3 (Chrono Boost)  
  185  15:41  Pylon  
  183  15:43  Carrier  
  183  15:44  Pylon  
  154  16:39  Robotics Facility  
  154  16:42  Protoss Air Armor Level 2 (Chrono Boost)  
  154  16:55  Carrier x4  
  178  17:04  Pylon  
  178  17:07  Nexus  
  178  17:19  Pylon  
  178  17:20  Pylon  
  178  17:27  Pylon  
  178  17:31  Observer  
  179  17:45  Shield Battery  
  179  17:49  Photon Cannon x3  
  179  17:52  Observer  
  180  18:00  Shield Battery  
  180  18:14  Observer  
  180  18:16  Assimilator  
  180  18:17  Pylon  
  181  18:21  Shadow Stride (Chrono Boost)  
  181  18:27  Dark Templar x7  
  181  18:28  Assimilator  
  181  18:32  Pylon  
  181  19:26  Dark Templar x4  
  181  19:27  Dark Templar x3  
  178  20:06  Nexus  
  178  20:16  Dark Templar  
  178  20:17  Dark Templar x4  
Tags
 
Add a new tag
Caveats
  • Supply blocks, unpowered buildings, or Contaminate may cause inaccurate times.
  • Supply counts are checked every 10 seconds.